 Dungeon Crawl Stone Soup version 0.19-a0-1008-g4c63d25 (webtiles) character file.

61 epen the Firebug (level 4, -1/25 HPs)
             Began as a Tengu Fire Elementalist on July 22, 2016.
             Slain by a gnoll
             ... wielding a +0 club
              (6 damage)
             ... on level 1 of the Dungeon.
             The game lasted 00:02:59 (1216 turns).

epen the Firebug (Tengu Fire Elementalist)          Turns: 1216, Time: 00:03:00

Health: -1/25      AC:  3    Str:  8    XL:     4   Next: 7%
Magic:  9/9        EV: 13    Int: 17    God:
Gold:   45         SH:  0    Dex: 14    Spells: 3 memorised, 2 levels left

rFire  . . .     SeeInvis .     h - +0 short sword
rCold  . . .     Gourm    .     a - +0 robe
rNeg   . . .     Faith    .     (no shield)
rPois  .         Spirit   .     (helmet restricted)
rElec  .         Dismiss  .     f - +0 cloak (curse)
rCorr  .         Reflect  .     (no gloves)
SustAt .         Harm     .     (boots unavailable)
MR     .....                    (no amulet)
Stlth  ++........               (no ring)
                                (no ring)

@: not resistant to hostile enchantments, unstealthy
A: beak, talons 3
a: no special abilities


You were on level 1 of the Dungeon.
You were hungry.

You visited 1 branch of the dungeon, and saw 2 of its levels.

You collected 45 gold pieces.

Inventory:

Hand Weapons
 h - a +0 short sword (weapon)
Armour
 a - a +0 robe (worn)
 f - a cursed +0 cloak (worn)
Jewellery
 j - an uncursed ring of protection from cold {unknown}
Scrolls
 d - a scroll of identify {unknown}
 e - 2 scrolls of remove curse {unknown}
 i - a scroll of fear {unknown}
 l - 2 scrolls of enchant weapon {unknown}
Potions
 g - a potion of heal wounds {unknown}
 k - 2 potions of lignification {unknown}
 m - 2 potions of curing {unknown}
Books
 b - a book of Flames

   Spells                             Type                      Level
   a - Flame Tongue                   Conjuration/Fire             1
   b - Throw Flame                    Conjuration/Fire             2
   c - Conjure Flame                  Conjuration/Fire             3
   d - Inner Flame                    Hexes/Fire                   3
   e - Sticky Flame                   Conjuration/Fire             4
   f - Fireball                       Conjuration/Fire             5
Comestibles
 c - a bread ration


   Skills:
 + Level 1.0 Fighting
 + Level 2.4 Dodging
 - Level 2.0 Stealth
 * Level 2.9 Spellcasting
 + Level 2.2 Conjurations
 * Level 3.8 Fire Magic


You had 2 spell levels left.
You knew the following spells:

 Your Spells              Type           Power        Failure   Level  Hunger
a - Flame Tongue          Conj/Fire      ##...        6%          1    None
b - Throw Flame           Conj/Fire      ##....       10%         2    ##.....
c - Conjure Flame         Conj/Fire      ##......     17%         3    ###....


Dungeon Overview and Level Annotations

Branches:
Dungeon (2/15)

Altars:
Yredelemnul


Innate Abilities, Weirdness & Mutations

You have a beak for a mouth.
You have claws for feet.


Message History

Found 15 gold pieces.
A hobgoblin comes into view. It is wielding a club.
The gnoll throws a stone.
The stone hits you.
You see here a stone.
A bat comes into view.
The bat closely misses you. The bat completely misses you.
The bat closely misses you.
There is a stone staircase leading up here.
The bat hits you but does no damage.
The gnoll throws a stone.
The stone hits you!
* * * LOW HITPOINT WARNING * * *
The gnoll hits you with a club.
* * * LOW HITPOINT WARNING * * *
You climb upwards.
There is a stone staircase leading down here.
Put on which piece of jewellery? (? for menu, Esc to quit)
Okay, then.
The gnoll hits you with a club.
You die...

##### #........ #...######
#........
#...#....#####........
#...#.....(..#........
#.........(..#........
##...#.>.....'........
#...#.......#..).....
#####..g#...#+#.+........
#(......@...#.#.#........
#.###....#...............
#.#...##.#.##.#.##.####..
#.#...##.#.##.#.##.#..+..
#.#...##.#.##......#.##..
#.#...##.#.##..#####.##..
#.#......................
#.#.####.#.#...######....
####.#.#....#.+...'.........


You could see a gnoll.

Vanquished Creatures
  2 adders (D:2)
  An ooze (D:1)
  3 dart slugs
  A giant gecko (D:1)
  5 bats (D:1)
  A giant cockroach (D:1)
  4 goblins (D:1)
  3 hobgoblins (D:1)
  2 jackals (D:1)
  2 giant newts
  6 kobolds
  4 rats
34 creatures vanquished.

Notes
Turn   | Place    | Note
-------+----------+-------------------------------------------
     0 | D:1      | epen the Tengu Fire Elementalist began the quest for the Orb.
     0 | D:1      | Reached XP level 1. HP: 10/10 MP: 4/4
    60 | D:1      | Reached XP level 2. HP: 10/15 MP: 4/6
    83 | D:1      | Learned a level 2 spell: Throw Flame
   555 | D:1      | Reached XP level 3. HP: 13/20 MP: 8/8
   802 | D:1      | Learned a level 3 spell: Conjure Flame
  1045 | D:2      | Reached skill level 1 in Fighting
  1115 | D:2      | Reached XP level 4. HP: 22/25 MP: 9/9
  1145 | D:2      | Found a basalt altar of Yredelemnul.
  1216 | D:1      | Slain by a gnoll

Vault maps used:
D:1:      dpeg_arrival_line_fractal
D:2:      yredelemnul_altar_generic, uniq_robin, uniq_iyjb

Skill      XL: |  1  2  3 |
---------------+----------+-----
Conjurations   | 2 |  2.2
Fighting       | 1 |  1.0
Dodging        | |  2.4
Stealth        | |  2.0
Spellcasting   | |  2.9
Fire Magic     | |  3.8

Action                   |  1- 3 |  4- 6 || total
-------------------------+-------+-------++-------
Melee: Unarmed           |    30 |       ||    30
       Kick              |    11 |     4 ||    15
       Peck              |    13 |     1 ||    14
       Short sword       |    43 |    10 ||    53
 Cast: Flame Tongue      |    24 |     2 ||    26
       Conjure Flame     |     2 |     2 ||     4
 Stab: Sleeping          |     3 |       ||     3
  Eat: Chunk             |     1 |       ||     1
Armor: Robe              |    20 |     5 ||    25
Dodge: Dodged            |    65 |    13 ||    78
